 Dungeon Sprint DCSS version 0.29-a0-721-g7f417c9bbb (webtiles) character file.

Game seed: 13035017301000601719

4419606 wilfster70 the End of an Era (level 22, 205/212 HPs)
             Began as a Formicid Fighter on June 27, 2022.
             Was the Champion of Qazlal.
             Escaped with the Orb
             ... and 3 runes!
             The game lasted 00:47:30 (14783 turns).

wilfster70 the End of an Era (Formicid Fighter)    Turns: 14783, Time: 00:47:31

Health: 205/212    AC: 56    Str: 35    XL:     22   Next: 91%
Magic:  50/53      EV: 32    Int:  9    God:    Qazlal [******]
Gold:   134        SH: 38    Dex: 15    Spells: 72/75 levels left

rFire   + + .      SeeInvis +   b - +6 lajatang
rCold   + + .      Faith    .   E - +5 tower shield
rNeg    . . .      Spirit   +   G - +12 gold dragon scales
rPois   +          Reflect  .   (helmet unavailable)
rElec   .          Harm     .   m - +4 cloak
rCorr   .          Rampage  .   C - +4 pair of gloves {Str+3}
Will    +++++                   H - +3 pair of mountain boots {steadfast, rC+}
Stlth   +.........              q - amulet of Widiclopp {Spirit rF+ Will++}
HPRegen 0.45/turn               y - ring "Etreriw" {Will+ EV+6}
MPRegen 0.33/turn               z - ring "Fenun" {Fly EV+6 Dex+3}

@: flying, studying Maces & Flails, repel missiles
A: permanent stasis, dig shafts and tunnels, antennae 3, four strong arms,
hooves 1, dopey 1, poison resistance, strong 1, wild magic 1
0: Orb of Zot
}: 3/3 runes: silver, golden, iron
a: Dig, Renounce Religion, Upheaval, Elemental Force, Disaster Area


You escaped.
You worshipped Qazlal.
Qazlal was exalted by your worship.
You visited 1 branch You collected 134 gold pieces.

Inventory:

Hand Weapons
 a - the +6 quarterstaff "Orb Guardian's Bane" {freeze, rElec Dex+5}
   (You found it in the Dungeon)

   It freezes those it strikes, dealing additional cold damage.
   It can also slow down cold-blooded creatures.
   Dex:       It affects your dexterity (+5).
   rElec:     It insulates you from electricity.
 b - a +6 lajatang (weapon)
Armour
 m - a +4 cloak (worn)
 C - a +4 pair of gloves of strength (worn)
 E - a +5 tower shield (worn)
 G - +12 gold dragon scales (worn)
 H - the +3 pair of mountain boots (worn) {steadfast, rC+}
   (You found it in the Dungeon)

   It prevents involuntary movement, except for blinking, teleportation, or
   banishment.
   rC:        It protects you from cold.
Jewellery
 c - the ring "Poeptal" {rF+ rC+ Str+2 Int+4}
   (You found it in the Dungeon)

   [ring of protection from fire]

   Str:       It affects your strength (+2).
   Int:       It affects your intelligence (+4).
   rF:        It protects you from fire.
   rC:        It protects you from cold.
 k - a ring of poison resistance
 l - the ring of the Gloaming {rF+ rC+ rN+ Dex-4}
   (You found it in the Dungeon)

   [ring of protection from fire]

   Dex:       It affects your dexterity (-4).
   rF:        It protects you from fire.
   rC:        It protects you from cold.
   rN:        It protects you from negative energy.
 p - the ring of Zireub {rElec rC+ Str+2 Int+6 Dex-5}
   (You found it in the Dungeon)

   [ring of protection from cold]

   Str:       It affects your strength (+2).
   Int:       It affects your intelligence (+6).
   Dex:       It affects your dexterity (-5).
   rC:        It protects you from cold.
   rElec:     It insulates you from electricity.
 q - the amulet of Widiclopp (around neck) {Spirit rF+ Will++}
   (You found it in the Dungeon)

   [amulet of guardian spirit]

   It causes incoming damage to be divided between your reserves of health and
   magic.
   rF:        It protects you from fire.
   Will:      It greatly increases your willpower.
 y - the ring "Etreriw" (left hand) {Will+ EV+6}
   (You found it in the Dungeon)

   [ring of evasion]

   EV:        It affects your evasion (+6).
   Will:      It increases your willpower.
 z - the ring "Fenun" (right hand) {Fly EV+6 Dex+3}
   (You found it in the Dungeon)

   [ring of evasion]

   EV:        It affects your evasion (+6).
   Dex:       It affects your dexterity (+3).
   Fly:       It grants you flight.
 A - the amulet of Gecwi {RegenMP rElec rCorr MP+9 Str+3}
   (You found it in the Dungeon)

   [amulet of magic regeneration]

   It increases your rate of magic regeneration.
   Str:       It affects your strength (+3).
   rElec:     It insulates you from electricity.
   MP:        It affects your magic capacity (+9).
   rCorr:     It protects you from acid and corrosion.
 J - an amulet of faith
Wands
 t - a wand of flame (2)
 x - a wand of paralysis (6)
Scrolls
 i - 5 scrolls of amnesia
 j - a scroll of summoning
 r - 8 scrolls of identify
 v - 3 scrolls of fear
 w - 6 scrolls of fog
 I - a scroll of magic mapping
Potions
 d - a potion of might
 e - 14 potions of curing
 f - 26 potions of heal wounds
 g - 8 potions of magic
 h - 2 potions of invisibility
 n - a potion of resistance
 o - 8 potions of mutation
 s - 3 potions of lignification
 u - 3 potions of brilliance
 D - a potion of cancellation
Miscellaneous
 B - a phantom mirror


   Skills:
 O Level 27 Fighting
 O Level 27 Staves
 O Level 27 Armour
 O Level 27 Dodging
 O Level 27 Stealth
 O Level 27 Shields
 O Level 27 Unarmed Combat
 O Level 27 Spellcasting
 + Level 13.5 Conjurations
 + Level 12.4 Air Magic
 + Level 18.6 Poison Magic
 O Level 27 Invocations
 O Level 27 Evocations


You had 72 spell levels left.
You knew the following spells:

 Your Spells              Type           Power      Damage    Failure   Level
a - Mephitic Cloud        Conj/Pois/Air  50%        N/A       1%          3

Your spell library contained the following spells:

 Spells                   Type           Power      Damage    Failure   Level
 Foxfire                  Conj/Fire      100%       2x1d9     1%          1
 Magic Dart               Conj           100%       1d8       1%          1
 Searing Ray              Conj           94%        2d7       1%          2
 Spider Form              Tmut/Pois      37%        N/A       1%          3
 Airstrike                Air            22%        N/A       1%          4
 Iskenderun's Battlesphe  Conj           47%        2d10      2%          5
 Lightning Bolt           Conj/Air       23%        1d38      2%          5
 Conjure Flame            Conj/Fire      31%        6-21      3%          3
 Dazzling Flash           Conj/Hex       62%        N/A       3%          3
 Flame Wave               Conj/Fire      31%        2d8       11%         4
 Fulminant Prism          Conj/Hex       15%        3d11      11%         4
 Hailstorm                Conj/Ice       31%        3d8       11%         4
 Alistair's Intoxication  Tmut/Pois      24%        N/A       11%         5
 Conjure Ball Lightning   Conj/Air       23%        3x3d6     12%         6
 Summon Lightning Spire   Summ/Air       30%        N/A       13%         4
 Freeze                   Ice            60%        1d8       16%         1
 Necrotize                Necr           60%        1d7       16%         1
 Summon Small Mammal      Summ           60%        N/A       16%         1
 Call Imp                 Summ           15%        N/A       22%         2
 Ensorcelled Hibernation  Hex/Ice        30%        N/A       22%         2
 Silence                  Hex/Air        15%        N/A       32%         5
 Call Canine Familiar     Summ           15%        N/A       41%         3
 Frozen Ramparts          Ice            30%        1d5       41%         3
 Inner Flame              Hex/Fire       15%        N/A       41%         3
 Summon Guardian Golem    Hex/Summ       15%        N/A       41%         3
 Vampiric Draining        Necr           15%        2d7       41%         3
 Eringya's Noxious Bog    Tmut/Pois      18%        N/A       45%         6
 Anguish                  Hex/Necr       7%         N/A       78%         4
 Animate Dead             Necr           15%        N/A       78%         4
 Cause Fear               Hex            7%         N/A       78%         4
 Iron Shot                Conj/Erth      15%        9d4       78%         6
 Agony                    Necr           15%        N/A       98%         5
 Borgnjor's Vile Clutch   Necr/Erth      7%         N/A       98%         5
 Summon Forest            Summ/Tloc      7%         N/A       98%         5
 Summon Mana Viper        Hex/Summ       15%        N/A       98%         5
 Maxwell's Capacitive Co  Air            22%        ∞         99%         8
 Death Channel            Necr           7%         N/A       100%        6
 Summon Cactus Giant      Summ           7%         N/A       100%        6
 Dragon Form              Tmut           7%         N/A       100%        7
 Spellforged Servitor     Conj/Summ      15%        N/A       100%        7
 Storm Form               Tmut/Air       15%        N/A       100%        7
 Discord                  Hex            7%         N/A       100%        8
 Disjunction              Tloc           7%         N/A       100%        8
 Ignition                 Fire           7%         3d5       100%        8
 Necromutation            Tmut/Necr      7%         N/A       100%        8
 Dragon's Call            Summ           7%         N/A       100%        9


Dungeon Overview and Level Annotations

Branches:
Dungeon (1/1)

Altars:
Ashenzari
Cheibriados
Dithmenos
Elyvilon
Fedhas
Gozag
Hepliaklqana
Kikubaaqudgha
Makhleb
Nemelex Xobeh
Okawaru
Qazlal
Ru
Sif Muna
Trog
Uskayaw
Vehumet
Wu Jian
Xom
Yredelemnul
Zin
The Shining One
Beogh
Jiyva
Lugonu

Annotations:
D Boris


Innate Abilities, Weirdness & Mutations

You cannot be hasted, slowed, berserked, paralysed or teleported.
You can dig through walls and to a lower floor.
You have a pair of large antennae on your head. (SInv)
Your four strong arms can wield two-handed weapons with a shield.
You have large cloven feet.
You are dopey. (Int -2)
Your system is resistant to poisons. (rPois)
Your muscles are strong. (Str +4, Int/Dex -1)
Your spells are a little harder to cast, but a little more powerful.


Message History

The sixfirhy is engulfed in blazing flames.
You kill the sixfirhy!
Qazlal accepts your kill.
There is a huge open gate to the Vestibule (Extremely Hard) here.
There is a huge open gate to the Vestibule (Extremely Hard) here.
You block the orange demon's attack. You block the orange demon's attack.
The cacodemon gestures at you. The bolt of energy misses you.
The cacodemon gestures at you. You resist with almost no effort.
There is a huge open gate to the Grid Vault (Hard) here.
There is a huge open gate to the Main Hall (Safe) here.
An orange demon comes into view.
Things that are here:
a +0 leather armour; a +0 longbow The cacodemon gestures at you.
The bolt of energy misses you. The cacodemon gestures at you.
Strange energies course through your body.
You feel stupid.
There is a huge open gate to the Grid Vault (Hard) here.
There is a huge open gate to the Grid Vault (Hard) here.
You block the orange demon's attack.
There is a huge open gate to the Grid Vault (Hard) here.
You block the orange demon's attack. You block the orange demon's attack.
You block the orange demon's attack.
Boris, Master of Life and Death comes into view.
He is wearing a +2 robe of resistance.
Boris is empowered by the presence of the orb!
Boris gestures wildly while chanting.
Boris flickers and vanishes for a moment.
There is an open door to the Entrance Hall (Safe) here.
The cacodemon attacks as you move away! You block the cacodemon's attack. x2
The cacodemon gestures at you. The bolt of energy misses you.
The cacodemon gestures at you. The bolt of energy hits you!
Your boots keep you from being pulled.
There is a staircase leading out of the dungeon here.
You have escaped!

##########.##................''..
#...........'................''..
#'#####'#####......#..#......##..
#.#..#..#..##..44............##..
#.#..'..'..#####2#####''#########
#.##'####'###...L°°.##''#########
#.#........##.....○.##).....'..'.
#.#........##....○§.##.).)..'..'.
#.#####'#####.§°@○°.##.....##..##
#)#..[)))..##..○....##...###....#
#.#..[)))..##.....○.##..##.......
#)###########.......##''#.[.#..#.
#.......#..###########..)........
#.......#.############''#)).#..#.
#...#...#÷#....#..[.##..##.......
#..###..#'#....#..[[##...###÷...#
#...#...#))....'..))##.....##..##


You could see Boris (fast, empowered, invisible), a cacodemon and 2 orange
demons.

Vanquished Creatures
  Dissolution (D)
  Ignacio (D)
  Mnoleg (D)
  6 ancient liches (D)
  Khufu (D)
  2 orbs of fire (D)
  Mennas (D)
  4 pandemonium lords (D)
  Mara (D)
  6 royal mummies (D)
  Boris (D)
  Margery (D)
  Frederick (D)
  2 curse toes (D)
  A Killer Klown (D)
  A profane servitor (D)
  3 Tzitzimimeh (D)
  4 Brimstone Fiends (D)
  4 pearl dragons (D)
  6 electric golems (D)
  2 hellephants (D)
  2 liches (D)
  Rupert (D)
  8 Hell Sentinels (D)
  4 tentacled monstrosities (D)
  25 Orb Guardians (D)
  4 Ice Fiends (D)
  7 deep elf blademasters (D)
  23 titans (D)
  2 Executioners (D)
  2 acid blobs (D)
  Polyphemus (D)
  3 deep elf master archers (D)
  Frances (D)
  2 sphinxes (D)
  3 shadow dragons (D)
  3 nagarajas (D)
  3 rockslimes (D)
  2 storm dragons (D)
  A draconian monk (D)
  2 deep elf sorcerers (D)
  14 fire giants (D)
  2 iron dragons (D)
  13 frost giants (D)
  2 draconian knights (D)
  2 orc warlords (D)
  2 ghost moths (D)
  2 angels (D)
  Louise (D)
  2 draconian scorchers (D)
  2 spriggan defenders (D)
  A balrug (D)
  A draconian annihilator (D)
  2 reapers (D)
  2 war gargoyles (D)
  An ophan (D)
  16 stone giants (D)
  5 green draconians (D)
  2 vampire knights (D)
  4 black draconians (D)
  A purple draconian (D)
  An apis (D)
  2 deep elf demonologists (D)
  3 deep elf annihilators (D)
  4 yellow draconians (D)
  A dire elephant (D)
  Snorg (D)
  An eidolon (D)
  20 ettins (D)
  3 deep elf death magi (D)
  3 green deaths (D)
  5 blizzard demons (D)
  A mummy priest (D)
  5 fire dragons (D)
  2 deep elf high priests (D)
  A yaktaur captain (D)
  8 vault guards (D)
  An ice dragon (D)
  A hydra (D)
  A hell beast (D)
  A catoblepas (D)
  2 boulder beetles (D)
  3 ogre magi (D)
  2 anacondas (D)
  A spriggan air mage (D)
  3 naga warriors (D)
  8 two-headed ogres (D)
  An iron elemental (D)
  A merfolk avatar (D)
  3 death knights (D)
  A death yak (D)
  3 vampire magi (D)
  A naga sharpshooter (D)
  A spriggan berserker (D)
  5 sun demons (D)
  2 deep elf knights (D)
  19 hell knights (D)
  A soul eater (D)
  A fire crab (D)
  An iron troll (D)
  A glowing orange brain (D)
  2 sixfirhies (D)
  2 flayed ghosts (D)
  3 cherubim (D)
  2 deep trolls (D)
  2 spriggan druids (D)
  9 orc knights (D)
  14 wizards (D)
  A bog body (D)
  2 deep elf pyromancers (D)
  3 deep elf zephyrmancers (D)
  2 wolf spiders (D)
  17 necromancers (D)
  3 ugly things (D)
  4 elephants (D)
  7 cyclopes (D)
  A manticore (D)
  2 naga magi (D)
  A rust devil (D)
  A smoke demon (D)
  Joseph (D)
  A gargoyle (D)
  A cane toad (D)
  2 eyes of devastation (D)
  A guardian serpent (D)
  A cane toad (shapeshifter) (D)
  A yaktaur (D)
  2 komodo dragons (D)
  4 kobold demonologists (D)
  A hellion (D)
  An ice devil (D)
  2 tormentors (D)
  2 red devils (D)
  A wandering mushroom (D)
  A polar bear (D)
  5 blink frogs (D)
  A tarantella (D)
  A snapping turtle (D)
  6 dream sheep (D)
  4 air elementals (D)
  A water elemental (D)
  A ynoxinul (D)
  2 wraiths (D)
  A flying skull (D)
  2 large abominations (D)
  3 yaks (D)
  2 golden eyes (D)
  2 basilisks (D)
  4 neqoxecs (D)
  3 redbacks (D)
  13 humans (D)
  A chaos spawn (D)
  A steam dragon (D)
  A naga (D)
  7 floating eyes (D)
  2 swamp drakes (D)
  2 sky beasts (D)
  A black bear (D)
  3 ogres (D)
  4 wolves (D)
  A gnoll sergeant (D)
  A scorpion (D)
  A necrophage (D)
  3 killer bees (D)
  A crimson imp (D)
  A quasit (D)
  An orc priest (D)
  A gnoll shaman (D)
  A jelly (D)
  2 iron imps (D)
  2 hell rats (D)
  2 orc wizards (D)
  3 mummies (D)
  7 gnolls (D)
  2 river rats (D)
  An adder (D)
  An ufetubus (D)
  An adder skeleton (D)
  2 adder simulacra (D)
  3 orcs (D)
  A bat (D)
  A goblin (D)
  2 hobgoblins (D)
  4 jackals (D)
  A quokka (D)
  A bat simulacrum (D)
  2 frilled lizards (D)
  A jackal skeleton (D)
  2 kobolds (D)
576 creatures vanquished.

Vanquished Creatures (others)
  An Orb Guardian (D)
  A blizzard demon (D)
  A bat (D)
3 creatures vanquished.

Grand Total: 579 creatures vanquished

Notes
Turn   | Place    | Note
-------+----------+-------------------------------------------
     0 | D        | wilfster70 the Formicid Fighter began the quest for the
                  | Orb.
     0 | D        | Reached XP level 1. HP: 18/18 MP: 1/1
    47 | D        | Found a bloodstained altar of Trog.
    47 | D        | Found a shimmering blue altar of Sif Muna.
    47 | D        | Found a viscous altar of Jiyva.
    47 | D        | Found a hazy altar of Hepliaklqana.
    47 | D        | Found an opulent altar of Gozag.
    48 | D        | Found a glowing golden altar of the Shining One.
    48 | D        | Found a glowing silver altar of Zin.
    48 | D        | Found a basalt altar of Yredelemnul.
    48 | D        | Found a shimmering altar of Xom.
    48 | D        | Found an ornate altar of the Wu Jian Council.
    48 | D        | Found a sacrificial altar of Ru.
    48 | D        | Found a stormy altar of Qazlal.
    48 | D        | Found an iron altar of Okawaru.
    48 | D        | Found a sparkling altar of Nemelex Xobeh.
    48 | D        | Found a burning altar of Makhleb.
    48 | D        | Found a blossoming altar of Fedhas.
    48 | D        | Found a white marble altar of Elyvilon.
    48 | D        | Found a shadowy altar of Dithmenos.
    48 | D        | Found a snail-covered altar of Cheibriados.
    49 | D        | Found a radiant altar of Vehumet.
    49 | D        | Found a corrupted altar of Lugonu.
    50 | D        | Found an ancient bone altar of Kikubaaqudgha.
    50 | D        | Found a hide-covered altar of Uskayaw.
    50 | D        | Found a broken altar of Ashenzari.
    53 | D        | Became a worshipper of Qazlal Stormbringer
    71 | D        | Noticed a scorpion
    81 | D        | Killed a scorpion
    82 | D        | Reached skill level 5 in Shields
    82 | D        | Reached XP level 2. HP: 7/26 MP: 1/4
    82 | D        | Reached XP level 3. HP: 8/31 MP: 1/5
    82 | D        | Reached XP level 4. HP: 10/38 MP: 1/6
    87 | D        | Reached * piety under Qazlal
    88 | D        | Reached skill level 5 in Staves
   392 | D        | Reached skill level 5 in Fighting
   395 | D        | Reached ** piety under Qazlal
   396 | D        | Reached skill level 5 in Armour
   504 | D        | Reached *** piety under Qazlal
   505 | D        | Reached XP level 5. HP: 42/44 MP: 6/8
   513 | D        | Noticed a floating eye
   517 | D        | Killed a floating eye
   518 | D        | Reached skill level 5 in Invocations
   518 | D        | Reached XP level 6. HP: 52/52 MP: 7/10
   619 | D        | Noticed a floating eye
   636 | D        | Reached **** piety under Qazlal
   660 | D        | Killed a floating eye
   661 | D        | Reached XP level 7. HP: 56/60 MP: 10/12
   663 | D        | Reached ***** piety under Qazlal
   702 | D        | Noticed a death yak
   726 | D        | Killed a death yak
   727 | D        | Reached skill level 10 in Staves
   727 | D        | Reached XP level 8. HP: 43/71 MP: 12/14
   879 | D        | Noticed a cane toad
   879 | D        | Noticed a tarantella
   890 | D        | Killed a tarantella
   894 | D        | Reached ****** piety under Qazlal
   895 | D        | Reached XP level 9. HP: 71/77 MP: 14/16
   909 | D        | Killed a cane toad
   910 | D        | Reached skill level 10 in Fighting
   910 | D        | Reached skill level 10 in Invocations
  1251 | D        | Noticed a red devil
  1251 | D        | Noticed a deep elf pyromancer
  1257 | D        | Killed a red devil
  1258 | D        | Reached skill level 10 in Armour
  1261 | D        | Killed a deep elf pyromancer
  1277 | D        | Noticed a red devil
  1281 | D        | Noticed a deep elf zephyrmancer
  1284 | D        | Killed a red devil
  1284 | D        | Noticed a komodo dragon
  1285 | D        | Reached XP level 10. HP: 88/88 MP: 9/18
  1298 | D        | Killed a komodo dragon
  1312 | D        | Killed a deep elf zephyrmancer
  1530 | D        | Noticed a boulder beetle
  1532 | D        | Noticed a flayed ghost
  1540 | D        | Killed a flayed ghost
  1570 | D        | Killed a boulder beetle
  1761 | D        | Noticed a kobold demonologist
  1761 | D        | Noticed a kobold demonologist
  1761 | D        | Noticed a kobold demonologist
  1762 | D        | Killed a kobold demonologist
  1762 | D        | Killed a kobold demonologist
  1762 | D        | Killed a kobold demonologist
  1763 | D        | Reached XP level 11. HP: 100/100 MP: 12/22
  1763 | D        | Noticed an eight-headed hydra
  1764 | D        | Noticed a bog body
  1781 | D        | Killed an eight-headed hydra
  1782 | D        | Reached skill level 15 in Invocations
  1784 | D        | HP: 2/101 [bog body (28)]
  1786 | D        | Killed a bog body
  2068 | D        | Noticed a boulder beetle
  2080 | D        | Killed a boulder beetle
  2081 | D        | Reached skill level 15 in Fighting
  2120 | D        | Noticed a fire crab
  2123 | D        | Reached skill level 15 in Armour
  2126 | D        | Killed a fire crab
  2173 | D        | Noticed a nagaraja
  2173 | D        | Noticed Joseph
  2175 | D        | Killed Joseph
  2175 | D        | Killed a nagaraja
  2176 | D        | Reached XP level 12. HP: 93/111 MP: 15/24
  2531 | D        | Noticed a flayed ghost
  2536 | D        | Killed a flayed ghost
  2621 | D        | Noticed a vampire mage
  2629 | D        | Killed a vampire mage
  2640 | D        | Noticed a vampire mage
  2641 | D        | Noticed an orc warlord
  2641 | D        | Noticed an orc warlord
  2643 | D        | Killed an orc warlord
  2644 | D        | Noticed an anaconda
  2647 | D        | Noticed a yaktaur captain
  2650 | D        | Killed a vampire mage
  2654 | D        | Killed an anaconda
  2655 | D        | Reached XP level 13. HP: 110/123 MP: 10/26
  2656 | D        | Noticed a nagaraja
  2657 | D        | Noticed a black draconian knight
  2665 | D        | Killed a yaktaur captain
  2665 | D        | Noticed a sphinx
  2668 | D        | Killed a black draconian knight
  2668 | D        | Killed a sphinx
  2676 | D        | Killed an orc warlord
  2684 | D        | Killed a nagaraja
  3172 | D        | Reached skill level 1 in Dodging
  3178 | D        | Noticed a deep elf blademaster
  3178 | D        | Noticed a vault guard
  3190 | D        | Killed a deep elf blademaster
  3203 | D        | Killed a vault guard
  3222 | D        | Noticed a vault guard
  3240 | D        | Killed a vault guard
  3257 | D        | Reached skill level 10 in Shields
  3475 | D        | Noticed Frances
  3477 | D        | Noticed a lich
  3477 | D        | Noticed a deep elf annihilator
  3477 | D        | Noticed a deep elf death mage
  3477 | D        | Noticed a purple draconian
  3477 | D        | Noticed a deep elf annihilator
  3478 | D        | Killed a deep elf death mage
  3478 | D        | Killed a purple draconian
  3478 | D        | Killed a deep elf annihilator
  3478 | D        | Killed a deep elf high priest
  3478 | D        | Killed a deep elf annihilator
  3478 | D        | Killed a sphinx
  3479 | D        | Reached XP level 14. HP: 136/138 MP: 20/29
  3479 | D        | Noticed a black draconian
  3481 | D        | Noticed an ancient lich
  3482 | D        | Noticed a deep elf demonologist
  3485 | D        | Noticed a curse toe
  3487 | D        | Noticed a lorocyproca
  3489 | D        | Killed Frances
  3490 | D        | Noticed a Tzitzimitl
  3490 | D        | Killed a deep elf demonologist
  3490 | D        | Killed a lich
  3492 | D        | Noticed an ophan
  3502 | D        | Killed a black draconian
  3506 | D        | Killed a curse toe
  3509 | D        | Killed an ophan
  3509 | D        | Killed an ancient lich
  3510 | D        | Reached skill level 15 in Shields
  3974 | D        | Noticed a green draconian
  3987 | D        | Killed a green draconian
  3988 | D        | Reached skill level 10 in Dodging
  4088 | D        | Noticed a deep elf annihilator
  4100 | D        | Killed a deep elf annihilator
  4101 | D        | Reached skill level 1 in Spellcasting
  4113 | D        | Noticed a yellow draconian
  4116 | D        | Killed a yellow draconian
  4117 | D        | Reached XP level 15. HP: 11/148 MP: 22/31
  4575 | D        | Got the Grimoire of Sinister Arts
  4606 | D        | Got Wec Aravea's Catalogue of Ignition
  4644 | D        | Got the ring of Ceig {Will- Str+6 Int+6}
  4647 | D        | Got the ring "Arofedgh" {Int+2 SInv Stlth+}
  4650 | D        | Got the ring "Nuupegigh" {Will- rCorr Str+6 Int+9 Dex+3}
  4653 | D        | Got the ring "Etreriw" {Will+ EV+6}
  4660 | D        | Got the ring of Trepidation {rC- rN++ Will+ Dex+2}
  4663 | D        | Got the ring of Zireub {rElec rC+ Str+2 Int+6 Dex-5}
  4665 | D        | Got the ring of Zeduzxor {rF+ rN+ Str+6 Int+2 Dex-2}
  4668 | D        | Got the ring of Xijy {rC+ rN+ Str+6 Stlth+}
  4671 | D        | Got the ring "Fenun" {Fly EV+6 Dex+3}
  4676 | D        | Got the ring of Rucku {rC+ Str+3}
  4682 | D        | Got the ring "Boulytasm" {rC+ rN+ Will+}
  4685 | D        | Got the ring "Gasat" {Ice rElec rN+++ Str-3 Dex-3}
  4701 | D        | Got the ring "Punomp" {rC+ rCorr Str+3}
  4704 | D        | Got the ring of the Ancients {rElec rPois rF- Int+6 Stlth+}
  4707 | D        | Got the ring of the Cicada {EV+4 Str+6}
  4710 | D        | Got the ring "Pilaaruu" {rF+++ rC- rN++ Int+4 Slay+5}
  4713 | D        | Got the amulet of Widiclopp {Spirit rF+ Will++}
  4715 | D        | Got the amulet of Gecwi {RegenMP rElec rCorr MP+9 Str+3}
  4718 | D        | Got the amulet "Waxzotan" {RegenMP Fly rF+ MP-9 Str+4
                  | Int-2}
  4721 | D        | Got the amulet "Dosaceca" {Reflect Drain rElec rF+ Int+4
                  | SH+5}
  4724 | D        | Got the amulet "Gellirruvue" {RegenMP rPois Will++ rCorr}
  4727 | D        | Got the ring of Warhywn {rCorr Int+6}
  4730 | D        | Got the amulet of Zaifil {Faith rElec rPois rN++ Int-3}
  4733 | D        | Got the amulet "Rot Joch" {Spirit rPois rC- Dex+2}
  4736 | D        | Got the amulet "Helie" {Reflect rF- MP-9 Str+8 SH+5}
  4828 | D        | Noticed a war gargoyle
  4828 | D        | Noticed a spriggan defender
  4829 | D        | Killed a war gargoyle
  4829 | D        | Killed a spriggan defender
  5022 | D        | Noticed Polyphemus
  5042 | D        | Killed Polyphemus
  5043 | D        | Reached skill level 5 in Evocations
  5415 | D        | Found the +3 pair of seven-league boots {Rampage+∞}
  5443 | D        | Got the +6 quarterstaff "Orb Guardian's Bane" {freeze,
                  | rElec Dex+5}
  5618 | D        | Noticed Snorg
  5618 | D        | Noticed a shadow dragon
  5618 | D        | Noticed a frost giant
  5618 | D        | Noticed a ghost moth
  5619 | D        | Killed a ghost moth
  5619 | D        | Killed Snorg
  5619 | D        | Killed a frost giant
  5619 | D        | Killed a balrug
  5620 | D        | Reached skill level 27 in Invocations
  5620 | D        | Reached XP level 16. HP: 152/162 MP: 33/33
  5621 | D        | Noticed a rockslime
  5625 | D        | Killed a rockslime
  5654 | D        | Killed a shadow dragon
  5684 | D        | Identified the ring "Lac Igguon" {AC+4 Int+2}
  5688 | D        | Noticed Louise
  5691 | D        | Noticed a deep elf master archer
  5694 | D        | Killed a deep elf master archer
  5694 | D        | Killed Louise
  5711 | D        | Reached skill level 15 in Evocations
  5721 | D        | Noticed a royal mummy
  5722 | D        | Identified the +6 great sword of Sauth {flame, Fragile rN++
                  | Str+4 Dex-3}
  5722 | D        | Noticed Khufu
  5736 | D        | Noticed an emperor scorpion
  5739 | D        | Killed a royal mummy
  5740 | D        | Noticed an emperor scorpion
  5741 | D        | Killed Khufu
  5742 | D        | Reached skill level 27 in Fighting
  6026 | D        | Noticed Rupert
  6027 | D        | Killed Rupert
  6028 | D        | Reached skill level 27 in Shields
  6028 | D        | Reached XP level 17. HP: 174/174 MP: 34/34
  6060 | D        | Got a silver rune of Zot
  6196 | D        | Noticed a deep elf blademaster
  6197 | D        | Noticed a shadow dragon
  6205 | D        | Killed a shadow dragon
  6215 | D        | Killed a deep elf blademaster
  6407 | D        | Noticed an ancient lich
  6417 | D        | Noticed a storm dragon
  6419 | D        | Killed an ancient lich
  6422 | D        | Noticed an acid blob
  6424 | D        | Killed an acid blob
  6430 | D        | Killed a storm dragon
  6432 | D        | Reached skill level 27 in Evocations
  6502 | D        | Noticed a deep elf blademaster
  6514 | D        | Killed a deep elf blademaster
  6722 | D        | Noticed an ancient lich
  6726 | D        | Killed an ancient lich
  6728 | D        | Reached XP level 18. HP: 177/182 MP: 35/35
  6776 | D        | Noticed Boris
  6781 | D        | Killed Boris
  6795 | D        | Noticed a deep elf blademaster
  6811 | D        | Killed a deep elf blademaster
  6850 | D        | Noticed a profane servitor
  6896 | D        | Killed a profane servitor
  6897 | D        | Reached skill level 15 in Dodging
  7209 | D        | Noticed a hellephant
  7209 | D        | Noticed an electric golem
  7209 | D        | Noticed an Executioner
  7211 | D        | Killed an electric golem
  7211 | D        | Killed an Executioner
  7238 | D        | Killed a hellephant
  7343 | D        | Noticed a Brimstone Fiend
  7350 | D        | Killed a Brimstone Fiend
  7682 | D        | Got the ring "Nidog" {Drain Fly Str+7 Dex+6 Stlth-}
  7685 | D        | Got the ring "Raugeb" {Fire rN+ Int+4 Slay+2}
  7688 | D        | Got the amulet "Ohabbecw" {Regen+ Str+2}
  7691 | D        | Got the ring "Saucwi Biod" {rN+ Int+4}
  7694 | D        | Got the ring of Herchorica {rElec EV+4 Int+2}
  7697 | D        | Got the amulet "Vonas" {RegenMP Dex+2}
  7700 | D        | Got the ring "Ugiam" {+Blink Fly rC- EV+4 Dex+2}
  7703 | D        | Got the ring "Isupep" {rPois rF+ rCorr Int+7 Dex-3}
  7820 | D        | Noticed a Hell Sentinel
  7821 | D        | Noticed a titan
  7831 | D        | Killed a Hell Sentinel
  7834 | D        | Noticed a deep elf master archer
  7861 | D        | Killed a deep elf master archer
  8093 | D        | Noticed a tentacled monstrosity
  8104 | D        | Killed a tentacled monstrosity
  8154 | D        | Killed a titan
  8211 | D        | Noticed a titan
  8220 | D        | Killed a titan
  8365 | D        | Noticed Sung the pandemonium lord
  8388 | D        | Killed Sung the pandemonium lord
  8389 | D        | Reached skill level 27 in Armour
  8467 | D        | Noticed a titan
  8467 | D        | Noticed a Brimstone Fiend
  8468 | D        | Killed a titan
  8468 | D        | Killed a Brimstone Fiend
  8521 | D        | Noticed an electric golem
  8532 | D        | Killed an electric golem
  8658 | D        | Reached XP level 19. HP: 189/189 MP: 36/36
  8760 | D        | Noticed a deep elf blademaster
  8767 | D        | Killed a deep elf blademaster
  8770 | D        | Noticed a tentacled monstrosity
  8774 | D        | Killed a tentacled monstrosity
  8777 | D        | Noticed a Tzitzimitl
  8791 | D        | Killed a Tzitzimitl
  9114 | D        | Noticed a titan
  9114 | D        | Noticed a titan
  9114 | D        | Noticed a titan
  9114 | D        | Noticed a titan
  9114 | D        | Noticed a titan
  9115 | D        | Killed a titan
  9115 | D        | Killed a titan
  9115 | D        | Killed a titan
  9115 | D        | Killed a titan
  9115 | D        | Killed a titan
  9115 | D        | Killed a titan
  9116 | D        | Reached skill level 27 in Dodging
  9116 | D        | Reached skill level 15 in Staves
  9116 | D        | Identified the +10 long sword of Spite {venom, rF+ rCorr
                  | Str+6 Int-4}
  9116 | D        | Noticed a titan
  9116 | D        | Noticed a titan
  9117 | D        | Killed a titan
  9117 | D        | Killed a titan
  9117 | D        | Killed a titan
  9117 | D        | Killed a titan
  9117 | D        | Killed a titan
  9118 | D        | Reached skill level 15 in Stealth
  9118 | D        | Reached XP level 20. HP: 181/197 MP: 17/37
  9132 | D        | Found the +3 pair of mountain boots {steadfast, rC+}
  9136 | D        | Reached skill level 15 in Unarmed Combat
  9191 | D        | Got a golden rune of Zot
  9277 | D        | Noticed a hellephant
  9285 | D        | Killed a hellephant
  9288 | D        | Noticed a Hell Sentinel
  9298 | D        | Killed a Hell Sentinel
  9434 | D        | Noticed a tentacled monstrosity
  9434 | D        | Noticed a curse toe
  9441 | D        | Killed a tentacled monstrosity
  9442 | D        | Reached skill level 15 in Spellcasting
  9451 | D        | Killed a curse toe
  9879 | D        | Learned a level 3 spell: Mephitic Cloud
  9882 | D        | Noticed Dijiuh the pandemonium lord
  9892 | D        | Killed Dijiuh the pandemonium lord
  9906 | D        | Noticed Ignacio
  9916 | D        | Killed Ignacio
 10222 | D        | Noticed an electric golem
 10222 | D        | Noticed a Tzitzimitl
 10238 | D        | Killed a Tzitzimitl
 10252 | D        | Killed an electric golem
 10610 | D        | Noticed an orb of fire
 10626 | D        | Killed an orb of fire
 10629 | D        | Noticed an Ice Fiend
 10641 | D        | Killed an Ice Fiend
 10933 | D        | Noticed an electric golem
 10976 | D        | Killed an electric golem
 11002 | D        | Noticed an Ice Fiend
 11002 | D        | Noticed Frederick
 11013 | D        | Killed an Ice Fiend
 11026 | D        | Killed Frederick
 11075 | D        | Noticed Dissolution
 11075 | D        | Noticed a tentacled monstrosity
 11086 | D        | Killed a tentacled monstrosity
 11093 | D        | Noticed an Ice Fiend
 11098 | D        | Killed Dissolution
 11107 | D        | Killed an Ice Fiend
 11108 | D        | Reached XP level 21. HP: 46/204 MP: 7/43
 11489 | D        | Noticed a pearl dragon
 11489 | D        | Noticed a royal mummy
 11491 | D        | Killed a pearl dragon
 11508 | D        | Killed a royal mummy
 11824 | D        | Noticed a royal mummy
 11857 | D        | Killed a royal mummy
 12198 | D        | Noticed a Killer Klown
 12206 | D        | Killed a Killer Klown
 12234 | D        | Got an iron rune of Zot
 12239 | D        | Got the ring "Geuv" {rN+ Will+ rCorr Dex+6}
 12243 | D        | Got the ring of the Gloaming {rF+ rC+ rN+ Dex-4}
 12272 | D        | Got the ring "Poeptal" {rF+ rC+ Str+2 Int+4}
 12277 | D        | Got the amulet "Jygebb" {RegenMP Int+3}
 12330 | D        | Noticed a Tzitzimitl
 12346 | D        | Killed a Tzitzimitl
 12565 | D        | Noticed a Brimstone Fiend
 12576 | D        | Killed a Brimstone Fiend
 13194 | D        | Noticed an ancient lich
 13195 | D        | Noticed Mara
 13196 | D        | Noticed wilfster70's illusion
 13198 | D        | Noticed a royal mummy
 13200 | D        | Killed Mara
 13200 | D        | Killed a royal mummy
 13203 | D        | Noticed Temink the pandemonium lord
 13204 | D        | Killed an ancient lich
 13214 | D        | Killed Temink the pandemonium lord
 13215 | D        | Reached skill level 27 in Stealth
 13613 | D        | Noticed an orb of fire
 13616 | D        | Noticed Mnoleg
 13620 | D        | Gained mutation: You are clumsy. (Dex -2) [Mnoleg's
                  | mutagenic touch]
 13625 | D        | Noticed a pearl dragon
 13626 | D        | Killed Mnoleg
 13626 | D        | Killed a pearl dragon
 13634 | D        | Gained mutation: Your body sometimes deteriorates upon
                  | taking damage. [an orb of fire]
 13638 | D        | Killed an orb of fire
 13639 | D        | Reached XP level 22. HP: 158/212 MP: 18/49
 13800 | D        | Lost mutation: Your body sometimes deteriorates upon taking
                  | damage. [potion of mutation]
 13800 | D        | Lost mutation: You are clumsy. (Dex -2) [potion of
                  | mutation]
 13800 | D        | Gained mutation: You have large cloven feet. [potion of
                  | mutation]
 13800 | D        | Gained mutation: Your spells are a little harder to cast,
                  | but a little more powerful. [potion of mutation]
 13800 | D        | Gained mutation: Your system is resistant to poisons.
                  | (rPois) [potion of mutation]
 13800 | D        | Gained mutation: Your muscles are strong. (Str +4, Int/Dex
                  | -1) [potion of mutation]
 13842 | D        | Reached skill level 27 in Staves
 13868 | D        | Noticed Margery
 13869 | D        | Noticed Mennas
 13869 | D        | Noticed a royal mummy
 13870 | D        | Killed Margery
 13870 | D        | Killed Mennas
 13870 | D        | Killed a royal mummy
 13888 | D        | Reached skill level 27 in Unarmed Combat
 14063 | D        | Reached skill level 27 in Spellcasting
 14063 | D        | Reached skill level 1 in Conjurations
 14063 | D        | Reached skill level 1 in Air Magic
 14092 | D        | Noticed a pearl dragon
 14104 | D        | Killed a pearl dragon
 14161 | D        | Reached skill level 5 in Poison Magic
 14178 | D        | Noticed a pearl dragon
 14181 | D        | Noticed a royal mummy
 14183 | D        | Killed a pearl dragon
 14184 | D        | Noticed an ancient lich
 14186 | D        | Killed an ancient lich
 14186 | D        | Noticed Zuam the pandemonium lord
 14187 | D        | Reached skill level 10 in Conjurations
 14189 | D        | Killed Zuam the pandemonium lord
 14189 | D        | Killed a royal mummy
 14190 | D        | Reached skill level 10 in Air Magic
 14408 | D        | Noticed an ancient lich
 14412 | D        | Killed an ancient lich
 14655 | D        | Got the Orb of Zot
 14762 | D        | Gained mutation: You are dopey. (Int -2) [a cacodemon]
 14775 | D        | Noticed Boris
 14783 | D        | Escaped with the Orb!

Illustrated notes

Levels and vault maps discovered:
D:        pitsprint [storerooms_1, entrance_room_1, metal_vault_4, armoury_1,
          mini_pit_1, grid_room_1, main_hall_1, silver_pit, the_coven_3,
          the_vestibule_1, steel_vault_2, golden_pit, hallway_of_sentries,
          crystal_vault_4, iron_vault_4, final_vault]

Skill      XL: |  1  2  3  4  5  6  7  8  9 10 11 12 13 14 15 16 17 18 19 20 21 22 |
---------------+-------------------------------------------------------------------+-----
Fighting       | 4 5 6 7 9 11 14 16 18 21 22 25 27 | 27.0
Staves         | 4 5 7 8 10 11 13 14 18 22 26 27 | 27.0
Armour         | 4 5 6 7 8 9 11 13 16 18 20 21 27 | 27.0
Shields        | 5 6 7 8 12 16 21 27 | 27.0
Invocations    | 3 4 5 6 8 9 11 14 17 19 22 24 27 | 27.0
Dodging        | 6 10 12 22 27 | 27.0
Spellcasting   | 2 12 18 23 27 | 27.0
Evocations     | 12 22 27 | 27.0
Stealth        | 15 22 27 | 27.0
Unarmed Combat | 14 19 24 27 | 27.0
Conjurations   | 13 | 13.5
Air Magic      | 12 | 12.4
Poison Magic   | 18 | 18.6

Action                   |  1- 3 |  4- 6 |  7- 9 | 10-12 | 13-15 | 16-18 | 19-21 | 22-24 || total
-------------------------+-------+-------+-------+-------+-------+-------+-------+-------++-------
Melee: Quarterstaff      |    13 |    79 |   100 |   102 |    80 |       |       |       ||   374
       Lajatang          |       |       |       |       |   160 |   339 |   385 |   106 ||   990
Invok: Disaster Area     |       |       |     1 |     9 |    11 |    18 |    23 |     7 ||    69
Evoke: Wand              |       |       |       |       |       |       |     4 |       ||     4
  Use: Potion            |       |       |       |     1 |     3 |     1 |    10 |     1 ||    16
       Scroll            |       |       |       |     6 |       |       |     4 |       ||    10
Armor: Scale mail        |     6 |    11 |       |       |       |       |       |       ||    17
       Plate armour      |       |     3 |    15 |    40 |    12 |       |       |       ||    70
       Gold dragon scale |       |       |       |       |    47 |    78 |    85 |    12 ||   222
Dodge: Dodged            |     3 |    15 |    15 |    27 |    52 |   131 |   184 |    49 ||   476
       Repelled          |       |       |       |       |     1 |     7 |     4 |     1 ||    13
Block: Buckler           |     4 |    21 |    24 |    47 |    13 |       |       |       ||   109
       Tower shield      |       |       |       |       |   222 |   481 |   464 |   142 ||  1309

Table legend: (Time is in decaauts) A = Elapsed time spent in this place. B = Non-inter-level travel time spent in this place. C = Inter-level travel time spent in this place. D = Time resting spent in this place. E = Time spent auto-exploring this place. F = Levels seen in this place. G = Mean time per level. A B C D E F G +--------+--------+--------+--------+--------+-----+--------+ Total | 14393 | 14193 | 200 | 9533 | 0 | 1 | 14393.0 | Dungeon | 14393 | 14193 | 200 | 9533 | 0 | 1 | 14393.0 | +--------+--------+--------+--------+--------+-----+--------+

Top non-repeatable levels by time:
       D: 14393 daAuts
